AoeStats
← Jorand323

Arabia

510404485Analyzed
1v1 RM · 2d ago on Sep 30, 2026· 41m 44s· 2 players
Game mode
Random Map
Map size
Tiny (2 player)
Population
200
Speed
Normal
Resources
Standard
Victory
Conquest
Starting age
Dark Age
Ending age
Imperial Age
RankedLock teamsTeams togetherTeam positionsShared explorationLock speedFull tech treeHidden civsTurbo modeCheats
Victory
Defeat
🇩🇪 Mongols · Germany
650
+19
🇨🇴 Lithuanians · Colombia
720
-19
C5028HB
6:58 Loom
9:21 Feudal Age
14:09 Double-Bit Axe
16:56 Wheelbarrow
17:15 Horse Collar
18:32 Forging
18:48 Gold Mining
22:29 Castle Age
21:03 Padded Archer Armor
21:21 Bloodlines
22:01 Fletching
25:06 Pikeman
25:48 Squires
25:37 Light Cavalry
27:02 Heavy Plow
31:31 Thumb Ring
31:56 Bodkin Arrow
32:30 Husbandry
33:46 Hand Cart
Jorand323
4:09 Loom
10:22 Feudal Age
18:01 Castle Age
17:21 Double-Bit Axe
21:59 Wheelbarrow
25:30 Forging
26:13 Scale Mail Armor
27:01 Bow Saw
29:09 Chain Mail Armor
29:30 Iron Casting
31:45 Pikeman
35:10 Scale Barding Armor
38:09 Imperial Age
37:37 Chain Barding Armor
Connection lost

Rejoining the realm…

Still unreachable

The connection could not be restored.

Session expired

The server has moved on; the page needs a fresh start.